 Dungeon Crawl Stone Soup version 0.19.1-1-g22dce08 (webtiles) character file.

50 godfroggy the Insei (level 3, 0/26 HPs)
             Began as a Demonspawn Transmuter on Jan 9, 2017.
             Succumbed to an adder's poison
             ... on level 2 of the Dungeon.
             The game lasted 00:05:35 (1442 turns).

godfroggy the Insei (Demonspawn Transmuter)         Turns: 1442, Time: 00:05:36

Health: 0/26       AC:  4    Str: 16    XL:     3   Next: 55%
Magic:  6/6        EV: 12    Int: 14    God:
Gold:   87         SH:  0    Dex: 13    Spells: 1 memorised, 5 levels left

rFire  . . .     SeeInvis .       - Unarmed
rCold  . . .     Gourm    .     b - +0 robe
rNeg   . . .     Faith    .     (no shield)
rPois  .         Spirit   .     (no helmet)
rElec  .         Reflect  .     (no cloak)
rCorr  .         Harm     .     (no gloves)
MR     .....                    (no boots)
Stlth  +.........               (no amulet)
                                (no ring)
                                (no ring)

@: mighty, lethally poisoned (0 -> -11)
A: iridescent scales 1
a: no special abilities


You were on level 2 of the Dungeon.
You were not hungry.

You visited 1 branch of the dungeon, and saw 2 of its levels.

You collected 87 gold pieces.

Inventory:

Missiles
 a - 26 arrows
Armour
 b - a +0 robe (worn)
Jewellery
 g - an uncursed ring of ice {unknown}
Scrolls
 e - 2 scrolls of recharging {unknown}
 f - 2 scrolls of identify {unknown}
 h - a scroll of remove curse {unknown}
Potions
 k - a potion of mutation {unknown}
 m - a potion of degeneration {unknown}
Books
 c - a book of Changes

   Spells                             Type                      Level
   a - Beastly Appendage              Transmutation                1
   b - Sticks to Snakes               Transmutation                2
   c - Spider Form                    Transmutation/Poison         3
   d - Ice Form                       Ice/Transmutation            4
   e - Blade Hands                    Transmutation                5
Comestibles
 d - a bread ration
 j - a meat ration
 l - a chunk of flesh


   Skills:
 - Level 1.0 Fighting
 - Level 1.7 Dodging
 + Level 4.1 Unarmed Combat
 - Level 2.0 Spellcasting
 - Level 1.7 Transmutations


You had 5 spell levels left.
You knew the following spells:

 Your Spells              Type           Power        Failure   Level  Hunger
a - Beastly Appendage     Tmut           #.....       14%         1    ##.....


Dungeon Overview and Level Annotations

Branches:
Dungeon (2/15)

Altars:


Innate Abilities, Weirdness & Mutations

You are partially covered in iridescent scales. (AC +2)


Message History

The adder poisons you!
You feel sick.
You feel sick.
You feel sick. The adder closely misses you.
You feel sick.
* * * LOW HITPOINT WARNING * * *
You feel sick.
It was a potion of might.
You feel very mighty all of a sudden. The adder barely misses you.
The adder bites you.
* * * LOW HITPOINT WARNING * * *
You miss the adder.
* * * LOW HITPOINT WARNING * * *
You feel sick. The adder bites you.
* * * LOW HITPOINT WARNING * * *
You are more poisoned.
The adder poisons you!
You barely miss the adder.
You die...

......#...###.. ...............
........# .........#..#####... ##
.................... .
.............######## .
.......#.....#########. ##
...#...#....S.......... #.
................@.##############.
........#........................
..........(...#......#######....
#.....#......##...#.#####...#..
#...##.##...###..#...........#
#......##.#.###.......>...####
#......)..................
###.#......................
##.....<...............##...


You could see an adder.

Vanquished Creatures
  2 adders (D:2)
  An ooze (D:1)
  A worm (D:2)
  A giant cockroach (D:1)
  4 goblins
  4 hobgoblins (D:1)
  A quokka (D:2)
  2 ball pythons
  A bat (D:1)
  A frilled lizard (D:1)
  4 kobolds
  5 rats
27 creatures vanquished.

Notes
Turn   | Place    | Note
-------+----------+-------------------------------------------
     0 | D:1      | godfroggy the Demonspawn Transmuter began the quest for the Orb.
     0 | D:1      | Reached XP level 1. HP: 15/15 MP: 3/3
    34 | D:1      | Reached skill level 3 in Unarmed Combat
   469 | D:1      | Gained mutation: You are partially covered in iridescent scales. (AC +2) [demonic ancestry]
   469 | D:1      | Reached XP level 2. HP: 17/21 MP: 5/5
  1101 | D:2      | Reached XP level 3. HP: 22/26 MP: 6/6
  1126 | D:2      | Reached skill level 4 in Unarmed Combat
  1441 | D:2      | HP: 1/26 [adder (3)]
  1442 | D:2      | Succumbed to an adder's poison

Skill      XL: |  1  2  3 |
---------------+----------+-----
Unarmed Combat | 3 4 |  4.1
Fighting       | |  1.0
Dodging        | |  1.7
Spellcasting   | |  2.0
Transmutations | |  1.7

Action                   || total
-------------------------++-------
Melee: Unarmed           ||   147
       Kick              ||     3
 Cast: Beastly Appendage ||     7
  Use: Potion            ||     1
  Eat: Chunk             ||     2
Armor: Robe              ||    28
Dodge: Dodged            ||    82
